cohdb
Replays
Latest Replays
All Replays
Popular Replays
Top Player Replays
Match Explorer
How It Works
Community
CoH3 Stats
Reddit
Sign in to upload your games and track your stats! →
Sign in with Steam
Match 43558837
Unlisted
Match 43558837
Overview
Messages
Build Orders
End
Construct Section Command Post
Infantry Section
Infantry Section
Infantry Section
Selects Canadian Shock Battlegroup
Grenade Package
Royal Engineer Section
Infantry Section
Construct Platoon Command Post
Selects Incendiary Munitions
Royal Engineer Section
Selects Pyrotechnics
CMP 15cwt Truck
Royal Engineer Section
Construct Company Command Post
6-pounder Anti-tank Gun Team
Selects Offensive Resupply
Selects Canadian Shock Section
Forward Retreat Point
Matilda II Heavy Tank
[Desi]Padda69
那晚她才16
中鱼@
起飞!
pvt
woof_raff
MZMZ
Evlin.Wnika
0
0
Comments
sign in to comment!
No comments posted yet!